 Dungeon Crawl Stone Soup version 0.31-a0-981-geadf994542 (webtiles) character file.

Game seed: 3911508959169380299

1 olourkin the Stinger (level 1, -2/15 HPs)
             Began as a Djinni Hedge Wizard on Oct 31, 2023.
             Slain by a goblin
             ... wielding a +0 club
              (4 damage)
             ... on level 1 of the Dungeon.
             The game lasted 00:00:56 (107 turns).

olourkin the Stinger (Djinni Hedge Wizard)           Turns: 107, Time: 00:00:57

Health: -2/15      AC:  2    Str:  9    XL:     1   Next: 22%
Gold:   43         EV: 12    Int: 15    God:
                   SH:  0    Dex: 12

rFire   + + .        d - +0 glaive (protect)
rCold   x . .        (shield currently unavailable)
rNeg    . . .        b - +0 robe
rPois   ∞            c - +0 hat
rElec   .            (no cloak)
rCorr   .            (no gloves)
SInv    .            (boots unavailable)
Will    .....        (no amulet)
Stlth   ++           (no ring)
HPRegen 0.22/turn    (no ring)
MPRegen 0.00/turn

%: infuse magic (-3 HP)
@: flying
A: sickness immunity, fire resistance 2, cold vulnerability 1, float, innate
caster, HP casting, extra vitality 1
a: no special abilities


You were on level 1 of the Dungeon.
You visited 1 branch of the dungeon, and saw 1 of its levels.

You collected 43 gold pieces.

Inventory:

Hand Weapons
 a - a +0 dagger
 d - a +0 glaive of protection (weapon)
Armour
 b - a +0 robe (worn)
 c - a +0 hat (worn)
Scrolls
 e - a scroll of identify {unknown}


   Skills:
 + Level 0.1 Fighting
 - Level 2.1 Dodging
 - Level 1.5 Stealth
 * Level 2.9 Spellcasting
 * Level 2.9 Conjurations
 * Level 2.9 Hexes
   Level 0.0 Charms
 * Level 2.9 Summonings
 * Level 2.9 Necromancy
 * Level 2.9 Translocations
 * Level 2.9 Transmutations
 * Level 2.9 Fire Magic
 * Level 2.9 Ice Magic
 * Level 2.9 Air Magic
 * Level 2.9 Earth Magic
 * Level 2.9 Poison Magic


You knew the following spells:

 Your Spells              Type           Power      Damage    Failure   Level
a - Magic Dart            Conj           44%        1d5       6%          1
b - Blink                 Tloc           22%        N/A       9%          2
c - Mephitic Cloud        Conj/Pois/Air  11%        N/A       19%         3
x - Slow                  Hex            44%        N/A       6%          1
y - Call Imp              Summ           22%        N/A       9%          2
Your spell library was empty.

Dungeon Overview and Level Annotations

Branches:
Dungeon (1/15)

Altars:


Innate Abilities, Weirdness & Mutations

You are immune to sickness and miasma.
You are immune to poison.
Your flesh is very heat resistant. (rF++)
You are vulnerable to cold. (rC-)
You float through the air rather than walking.
You learn spells naturally, not from books.
Your magical power is your life essence.
You have superior vitality. (+4 MHP)


Message History

You kill the hobgoblin!
The bat barely misses you.
The quokka bites you but does no damage.
You closely miss the quokka. The bat hits you but does no damage.
The quokka barely misses you. The bat misses you.
The quokka closely misses you.
You completely miss the quokka. The bat closely misses you.
The quokka barely misses you. The bat barely misses you. The quokka misses you.
You miss the quokka. The bat barely misses you.
The bat hits you but does no damage. x2; The quokka closely misses you.
The bat hits you but does no damage. The goblin hits you but does no damage.
The quokka bites you.
Cast which spell? (? or * to list)
Okay, then.
You now have 43 gold pieces (gained 7).
The goblin misses you.
The quokka bites you but does no damage.
There are no items here.
There are no items here.
There are no items here.
You closely miss the bat. The bat misses you.
The bat hits you but does no damage. The quokka closely misses you.
The goblin misses you. The quokka closely misses you.
The bat hits you but does no damage. The goblin hits you but does no damage.
You barely miss the bat. The bat hits you. The bat hits you but does no damage.
The quokka bites you.
* * * LOW HITPOINT WARNING * * *
The goblin hits you with a +0 club.
* * * LOW HITPOINT WARNING * * *
The quokka barely misses you.
You closely miss the goblin. The bat closely misses you. The quokka bites you.
* * * LOW HITPOINT WARNING * * *
The goblin barely misses you.
A frilled lizard comes into view.
The goblin misses you. The quokka bites you.
* * * LOW HITPOINT WARNING * * *
The bat barely misses you.
You closely miss the goblin. The bat barely misses you.
The quokka barely misses you. The bat hits you but does no damage.
The goblin hits you with a +0 club.
You die...

###.##..###....#
.##.....##....##
..#######....##
...####......#
............##
###......#### . ########
.l.
###################.....
...............b@r......
..###............g......
.## ###############.....
## .... ###


You could see a quokka, a goblin, a bat and a frilled lizard (wandering).

Vanquished Creatures
  A hobgoblin (D:1)
1 creature vanquished.

Notes
Turn   | Place    | Note
-------+----------+-------------------------------------------
     0 | D:1      | olourkin the Djinni Hedge Wizard began the quest for the
                  | Orb.
     0 | D:1      | olourkin set off with the following spells memorised: Magic
                  | Dart, Slow, Blink, Call Imp, Mephitic Cloud.
     0 | D:1      | Reached XP level 1. HP: 15/15 MP: 0/0
   107 | D:1      | Slain by a goblin

Illustrated notes

Levels and vault maps discovered:
D:1:      dpeg_arrival_snail, layout_rooms, chequers_serial_rivers_marsh

Action                     || total
---------------------------++-------
  Melee: Glaive            ||     8
 Armour: Robe              ||    19
  Dodge: Dodged            ||    22

Table legend: (Time is in decaauts)
 A = Elapsed time spent in this place.
 B = Non-inter-level travel time spent in this place.
 C = Inter-level travel time spent in this place.
 D = Time resting spent in this place.
 E = Time spent auto-exploring this place.
 F = Levels seen in this place.
 G = Mean time per level.
                   A        B        C        D        E       F      G
               +--------+--------+--------+--------+--------+-----+--------+
         Total |    111 |    111 |      0 |      0 |     74 |   1 |  111.0 |
       Dungeon |    111 |    111 |      0 |      0 |     74 |   1 |  111.0 |
               +--------+--------+--------+--------+--------+-----+--------+

Top non-repeatable levels by time:
     D:1: 111 daAuts
